 Dungeon Crawl Stone Soup version 0.22-a0-533-g4d20840 (webtiles) character file.

4062 kae the Insei (level 10, -5/74 HPs)
             Began as a Demonspawn Transmuter on June 22, 2018.
             Was a Believer of Okawaru.
             Killed from afar by an electric eel (9 damage)
             ... with a bolt of electricity
             ... on level 9 of the Dungeon.
             The game lasted 00:10:10 (11750 turns).

kae the Insei (Demonspawn Transmuter)              Turns: 11750, Time: 00:10:11

Health: -5/74      AC:  9    Str: 12    XL:     10   Next: 5%
Magic:  17/17      EV:  9    Int: 14    God:    Okawaru [**....]
Gold:   455        SH:  0    Dex: 16    Spells: 13/19 levels left

rFire    x . .     SeeInvis .   c - +3 mace (crush)
rCold    + . .     Gourm    .   m - +0 buckler
rNeg     . . .     Faith    .   j - +0 scale mail
rPois    .         Spirit   .   (helmet restricted)
rElec    .         Reflect  +   (no cloak)
rCorr    .         Harm     .   (no gloves)
MR       .....                  (no boots)
Stlth    +.........             e - +2 amulet of reflection
HPRegen  0.22/turn              o - ring of wizardry
MPRegen  0.15/turn              t - ring of ice

@: confused, drained, very slow
A: horns 1, slimy green scales 2, demonic guardian 1, nightstalker 2
a: Heroism, Renounce Religion


You were on level 9 of the Dungeon.
You worshipped Okawaru.
Okawaru was pleased with you.
You were not hungry.

You visited 2 branches of the dungeon, and saw 10 of its levels.

You collected 494 gold pieces.
You spent 39 gold pieces at shops.

Inventory:

Hand Weapons
 c - a +3 mace of crushing (weapon)
Missiles
 a - 91 arrows
Armour
 b - a +1 robe
 j - a +0 scale mail (worn)
 m - a +0 buckler (worn)
Jewellery
 e - a +2 amulet of reflection (around neck)
 o - a ring of wizardry (left hand)
 t - a ring of ice (right hand)
Wands
 i - a wand of polymorph (13)
 x - a wand of disintegration (11)
 B - a wand of acid (5)
Scrolls
 f - 4 scrolls of identify
 h - a scroll of enchant weapon
 l - a scroll of blinking
 n - a scroll of enchant armour
 p - 2 scrolls of fog
 w - 2 scrolls of remove curse
 y - a scroll of fear
Potions
 g - a potion of brilliance
 k - 2 potions of curing
 q - 3 potions of might
 s - 3 potions of agility
 u - a potion of ambrosia
 v - a potion of cancellation
 z - a potion of haste
 A - a potion of heal wounds
Comestibles
 d - 19 rations


   Skills:
 + Level 5.1(4.8) Fighting
 + Level 3.8(3.5) Armour
 - Level 1.7(1.4) Dodging
 + Level 3.6(3.3) Shields
 * Level 7.4(7.1) Unarmed Combat
 + Level 5.1(4.8) Spellcasting
 * Level 7.1(6.7) Transmutations
 + Level 3.1(2.8) Invocations


You had 13 spell levels left.
You knew the following spells:

 Your Spells              Type           Power        Failure   Level  Hunger
a - Beastly Appendage     Tmut           ###...       2%          1    None
b - Sticks to Snakes      Tmut           ###.....     3%          2    ##.....
c - Spider Form           Tmut/Pois      ##........   26%         3    ###....

Your spell library contained the following spells:

 Spells                   Type           Power        Failure   Level  Hunger
 Blade Hands              Tmut           ###.......   52%         5    ######.
 Ice Form                 Ice/Tmut       ###.....     65%         4    ####...


Dungeon Overview and Level Annotations

Branches:
Dungeon (9/15)             Temple (1/1) D:7
   Lair: D:8-11         Orc: D:9-12

Altars:
Ashenzari
Cheibriados
Dithmenos
Elyvilon
Fedhas
Gozag
Hepliaklqana
Kikubaaqudgha
Makhleb
Nemelex Xobeh
Okawaru
Qazlal
Ru
Sif Muna
Trog
Uskayaw
Vehumet
Xom
Zin
The Shining One

Shops:
D:6 *(*:

Annotations:
D:7 1 runed door, Karim's ghost, novice GnWr


Innate Abilities, Weirdness & Mutations

You have a pair of small horns on your head.
You are mostly covered in slimy green scales. (AC +3)
A weak demonic guardian rushes to your aid.
You are significantly more attuned to the shadows.


Message History

The puff of frost hits you! The white imp hits you.
* * * LOW HITPOINT WARNING * * *
The white imp freezes you. You resist.
* * * LOW HITPOINT WARNING * * *
Something hits you!
* * * LOW HITPOINT WARNING * * *
Something bites you!
* * * LOW HITPOINT WARNING * * *
Something draws strength from your injuries!
Your adder closely misses something.
You closely miss the white imp.
The white imp is lightly wounded.
Your adder bites something.
The white imp hits you but does no damage. x2
You hear some strange, mumbled words.
You are more confused.
The electric eel shoots out a bolt of lightning at you!
The bolt of electricity hits the white imp.
The bolt of electricity hits you!
You die...

###..)...###..# . ##
#....##.......#
#.#.###..))##########
#.#.......)..).#
#.#.......###.#
.#...≈≈≈..## .#
#.#..≈≈≈≈... .#
#>#..≈≈.≈≈... .#
....#.≈≈@5≈... .#
......≈≈5{;≈..
...#.≈≈.S5≈≈.
...#..≈...≈≈. .#
#.≈≈.∩.≈≈. #.≈....≈≈.


You could see an electric eel, 2 white imps, a friendly adder and a friendly
white imp.

Vanquished Creatures
  A two-headed ogre (D:8)
  A sky beast (D:8)
  3 orc warriors
  2 eyes of draining (D:5)
  3 ogres
  A phantom (D:3)
  2 centaurs
  A big kobold (D:7)
  3 bullfrogs
  2 scorpions (D:7)
  3 howler monkeys
  A jelly (D:8)
  4 wights (D:9)
  2 crimson imps
  2 hounds
  A quasit (D:7)
  6 orc wizards
  2 orc priests (D:2)
  3 centaur skeletons
  2 bullfrog skeletons
  2 iguanas
  Terence (D:3)
  5 worker ants
  A howler monkey zombie (D:8)
  Robin (D:3)
  6 gnolls
  13 adders
  A hound simulacrum (D:9)
  A white imp (D:9)
  2 oozes
  An adder skeleton (D:6)
  2 worms
  A dart slug (D:3)
  6 leopard geckos
  17 orcs
  3 ball pythons (D:2)
  4 giant cockroaches
  18 goblins
  9 hobgoblins
  17 jackals
  11 kobolds
  4 quokkas
  10 bats
  5 frilled lizards
  5 rats
191 creatures vanquished.

Vanquished Creatures (collateral kills)
  A two-headed ogre (D:8)
  A hornet (D:8)
  A hippogriff (D:5)
  An orc warrior (D:6)
  A phantom (D:5)
  An eye of draining (D:5)
  A wolf (D:9)
  A centaur (D:8)
  A wight (D:9)
  A howler monkey (D:4)
  An orc priest (D:7)
  A hound (D:7)
  2 orc wizards
  An iguana (D:8)
  2 gnolls
  A shadow imp (D:8)
  An ufetubus (D:9)
  6 orcs
  A goblin (D:3)
  A quokka (D:6)
  A kobold (D:7)
28 creatures vanquished.

Grand Total: 219 creatures vanquished

Notes
Turn   | Place    | Note
-------+----------+-------------------------------------------
     0 | D:1      | kae the Demonspawn Transmuter began the quest for the Orb.
     0 | D:1      | Reached XP level 1. HP: 15/15 MP: 3/3
   347 | D:1      | Gained mutation: You are partially covered in slimy green scales. (AC +2) [demonic ancestry]
   347 | D:1      | Reached XP level 2. HP: 21/21 MP: 3/5
   351 | D:1      | Learned a level 2 spell: Sticks to Snakes
   822 | D:2      | Found a shimmering altar of Xom.
   822 | D:2      | Found a bloodstained altar of Trog.
   833 | D:2      | Mutation became permanent: You have a pair of small horns on your head. [demonic ancestry]
   833 | D:2      | Gained mutation: You have a pair of horns on your head. [demonic ancestry]
   833 | D:2      | Reached XP level 3. HP: 24/26 MP: 4/6
   901 | D:2      | Gained mutation: A weak demonic guardian rushes to your aid. [demonic ancestry]
   901 | D:2      | Reached XP level 4. HP: 24/33 MP: 7/7
  1326 | D:2      | Learned a level 3 spell: Spider Form
  1330 | D:2      | Reached XP level 5. HP: 19/38 MP: 5/8
  2243 | D:2      | Noticed an ogre
  2255 | D:2      | Killed an ogre
  2779 | D:3      | Reached XP level 6. HP: 45/45 MP: 8/10
  3191 | D:3      | Noticed Terence
  3301 | D:3      | Noticed Robin
  3313 | D:3      | Killed Robin
  3564 | D:3      | Found a faded altar of an unknown god.
  3884 | D:3      | Killed Terence
  4213 | D:4      | Reached XP level 7. HP: 18/51 MP: 11/11
  5036 | D:5      | Entered Level 5 of the Dungeon
  5324 | D:5      | Noticed a hippogriff
  5331 | D:5      | Killed a hippogriff
  5331 | D:5      | Reached skill level 1 in Armour
  5331 | D:5      | Reached skill level 5 in Unarmed Combat
  5397 | D:5      | Reached skill level 1 in Shields
  6188 | D:5      | Found a bloodstained altar of Trog.
  6206 | D:5      | Reached skill level 5 in Transmutations
  6206 | D:5      | Gained mutation: You are slightly more attuned to the shadows. [demonic ancestry]
  6206 | D:5      | Reached XP level 8. HP: 47/58 MP: 0/13
  6529 | D:6      | Found Gostreu's Antique Weapon Shoppe.
  6885 | D:6      | Found Nigenger's Book Shop.
  6886 | D:6      | Found Bul Fuchu's Armour Shoppe.
  6917 | D:6      | Found Kusosch's Assorted Antiques.
  7020 | D:6      | Found an ancient bone altar of Kikubaaqudgha.
  7723 | D:6      | Found a shattered altar of Ashenzari.
  7740 | D:6      | Found Xant's General Store.
  7747 | D:6      | Bought a scroll of remove curse for 39 gold pieces
  8398 | D:7      | Gained mutation: You are mostly covered in slimy green scales. (AC +3) [demonic ancestry]
  8398 | D:7      | Reached XP level 9. HP: 64/65 MP: 15/15
  8844 | D:7      | Found a staircase to the Ecumenical Temple.
  8878 | Temple   | Entered the Ecumenical Temple
  9057 | Temple   | Became a worshipper of Warmaster Okawaru
  9524 | D:7      | Found a runed door.
  9526 | D:7      | Noticed Karim's ghost (novice GnWr)
  9996 | D:8      | Reached skill level 1 in Invocations
 10094 | D:8      | Noticed a two-headed ogre
 10270 | D:8      | Killed a two-headed ogre
 10489 | D:8      | Noticed a two-headed ogre
 10490 | D:8      | Found a shattered altar of Ashenzari.
 10556 | D:8      | Killed a two-headed ogre
 10556 | D:8      | Reached * piety under Okawaru
 10637 | D:8      | Reached skill level 5 in Spellcasting
 10933 | D:8      | Reached skill level 5 in Fighting
 11206 | D:8      | Reached ** piety under Okawaru
 11606 | D:9      | Gained mutation: You are significantly more attuned to the shadows. [demonic ancestry]
 11606 | D:9      | Reached XP level 10. HP: 54/74 MP: 17/17
 11749 | D:9      | HP: 3/74 [something (7)]
 11750 | D:9      | Killed from afar by an electric eel

Vault maps used:
D:1:      lemuel_arrival_lava_pool, st_stairs_2
D:2:      grunt_temple_overflow_open, first_ration, minmay_tetromino_o4
D:3:      chequers_ecumenical_altar_grove, uniq_robin, uniq_terence
D:5:      trog_eyes_of_draining
D:6:      old_standard_altar, lemuel_coloured_pillars_altar, serial_shops,
          nicolae_shop_crystal, nicolae_shop_behind_doors, shop, shop, shop
D:7:      minmay_temple_entry_large_hall, ebering_ghost_inner_flame
D:8:      basic_altar
D:9:      yredelemnul_altar_generic, lemuel_round_altar,
          grunt_lair_entry_orc_guard_hut, serial_ice, serial_ice_i,
          serial_ice_g, serial_ice_o, serial_ice_c, serial_ice_b, serial_ice_d,
          serial_shops, nicolae_shop_waterfront
Temple:   eino_temple_rhombus

Skill      XL: |  1  2  3  4  5  6  7  8  9 |
---------------+----------------------------+-----
Transmutations | 2 3 4 5 6 7 |  7.1
Unarmed Combat | 3 4 5 6 7 |  7.4
Fighting       | 2 3 4 5 |  5.1
Spellcasting   | 3 4 5 |  5.1
Armour         | 1 2 3 |  3.8
Shields        | 1 2 3 |  3.6
Invocations    | 3 |  3.1
Dodging        | |  1.7

Action                   |  1- 3 |  4- 6 |  7- 9 | 10-12 || total
-------------------------+-------+-------+-------+-------++-------
Melee: Unarmed           |    62 |    23 |       |       ||    85
       Kick              |     6 |    11 |    20 |       ||    37
       Punch             |     1 |     1 |       |       ||     2
       Mace              |    35 |   174 |   434 |    28 ||   671
       Headbutt          |     1 |    17 |    71 |     7 ||    96
 Cast: Beastly Appendage |     7 |    11 |    10 |       ||    28
       Sticks to Snakes  |       |     1 |    38 |     2 ||    41
       Spider Form       |       |     4 |       |       ||     4
Invok: Heroism           |       |       |       |     1 ||     1
Evoke: Wand              |       |       |     1 |       ||     1
  Use: Scroll            |     1 |     6 |    10 |       ||    17
       Potion            |       |     2 |     6 |       ||     8
 Stab: Sleeping          |     1 |     1 |     1 |       ||     3
       Distracted        |       |       |     2 |       ||     2
  Eat: Chunk             |       |    12 |    23 |       ||    35
       Ration            |       |       |     1 |       ||     1
Armor: Robe              |    26 |    54 |       |       ||    80
       Skin              |       |     4 |       |       ||     4
       Scale mail        |       |    15 |   220 |    20 ||   255
Dodge: Dodged            |    69 |   152 |   220 |    25 ||   466
Block: Other             |       |     9 |       |       ||     9
       Reflection        |       |     1 |     7 |     1 ||     9
       Buckler           |       |       |   174 |     6 ||   180

Table legend:
 A = Spawn XP
 B = Non-spawn XP
 C = Spawn XP percentage of total XP
 D = Spawn monster count
 E = Non-spawn monster count
 F = Spawn count percentage of total count
 G = Total turns spent on level
                    A         B        C        D         E        F      G
               +---------+---------+-------+---------+---------+-------+---------
         Total |       0 |    5804 |   0.0 |       0 |     219 |   0.0 | 11750
               +---------+---------+-------+---------+---------+-------+---------
           D:1 |       0 |      36 |   0.0 |       0 |      23 |   0.0 |  1125
           D:2 |       0 |     338 |   0.0 |       0 |      38 |   0.0 |  1508
           D:3 |       0 |     299 |   0.0 |       0 |      36 |   0.0 |  1429
           D:4 |       0 |     202 |   0.0 |       0 |      16 |   0.0 |   974
           D:5 |       0 |     812 |   0.0 |       0 |      22 |   0.0 |  1623
           D:6 |       0 |     532 |   0.0 |       0 |      14 |   0.0 |  1141
           D:7 |       0 |    1197 |   0.0 |       0 |      36 |   0.0 |  1908
           D:8 |       0 |    2030 |   0.0 |       0 |      25 |   0.0 |  1676
           D:9 |       0 |     358 |   0.0 |       0 |       9 |   0.0 |   180
               +---------+---------+-------+---------+---------+-------+---------
